 Dungeon Crawl Stone Soup version 0.16.2-2-g470672f (webtiles) character file.

233 monobi the Cudgeler (level 5, -6/39 HPs)
             Began as a Demonspawn Gladiator on Sept 3, 2015.
             Mangled by an ogre
             ... wielding a +0 giant club
              (13 damage)
             ... on level 3 of the Dungeon.
             The game lasted 00:08:14 (3100 turns).

monobi the Cudgeler (Demonspawn Gladiator)          Turns: 3100, Time: 00:08:14

Health: -6/39      AC:  7    Str: 16    XL:     5   Next: 74%
Magic:  0/5        EV: 13    Int: 15    God:
Gold:   152        SH:  0    Dex: 13    Spells: 0 memorised, 4 levels left

rFire  . . .     SeeInvis .     p - +3 mace (drain)
rCold  . . .     Clarity  .     q - +0 leather armour (curse)
rNeg   . . .     SustAb   .     (no shield)
rPois  .         Gourm    .     c - +0 helmet
rElec  .         Spirit   +     x - +0 cloak
rCorr  .         Warding  .     (no gloves)
rMut   .         Stasis   .     u - +1 pair of boots
MR     +....                    (no amulet)
Stlth  ++........               r - ring of protection from magic
                                B - +5 ring of intelligence

@: somewhat resistant to hostile enchantments, unstealthy
A: talons 1, magic shield, magic regeneration
a: no special abilities


You were on level 3 of the Dungeon.
You were not hungry.

You visited 1 branch of the dungeon, and saw 3 of its levels.

You collected 152 gold pieces.

Inventory:

Hand weapons
 a - a +0 flail
 p - a +3 mace of draining (weapon)
Missiles
 d - 3 throwing nets (quivered)
Armour
 b - a +0 leather armour
 c - a +0 helmet (worn)
 k - a +0 scale mail
 q - a cursed +0 leather armour (worn)
 u - a +1 pair of boots (worn)
 x - a +0 cloak (worn)
 y - a +0 ring mail
Jewellery
 r - a ring of protection from magic (right hand)
 A - a +4 ring of intelligence
 B - a +5 ring of intelligence (left hand)
Scrolls
 e - a scroll of amnesia {unknown}
 g - 4 scrolls of fog {unknown}
 i - 2 scrolls of enchant weapon {unknown}
 j - 2 scrolls of identify
 l - a scroll of blinking {unknown}
 o - 2 scrolls of fear {unknown}
 s - 2 scrolls of remove curse {unknown}
 v - a scroll of magic mapping {unknown}
 w - a scroll of enchant armour {unknown}
Potions
 h - a potion of curing {unknown}
 m - a potion of mutation {unknown}
Books
 z - a book of Enchantments

   Spells                             Type                      Level
   a - Tukima's Dance                 Hexes                        3
   b - Cause Fear                     Hexes                        4
   c - Silence                        Hexes/Air                    5
   d - Deflect Missiles               Charms/Air                   6
   e - Haste                          Charms                       6
   f - Discord                        Hexes                        8
Comestibles
 f - 2 bread rations
 n - 2 slices of pizza
 t - a meat ration


   Skills:
 + Level 2.6 Fighting
 * Level 3.9 Maces & Flails
 - Level 1.7 Throwing
 * Level 2.1 Armour
 + Level 3.7 Dodging
 * Level 1.9 Stealth


You had 4 spell levels left.
You didn't know any spells.

Dungeon Overview and Level Annotations

Branches:
Dungeon (3/15)

Altars:


Innate Abilities, Weirdness & Mutations

You have sharp toenails.
When hurt, damage is shared between your health and your magic reserves.
You regenerate magic rapidly.


Message History

z - a book of Enchantments An ogre comes into view.
It is wielding a giant club.
The ogre shouts!
The ogre closely misses you.
You hit the ogre.
The ogre is lightly wounded.
The ogre hits you with a giant club!!
You completely miss the ogre.
The ogre is lightly wounded.
The ogre hits you with a giant club.
You thump the ogre!
The ogre is heavily wounded.
The ogre hits you with a giant club!
* * * LOW HITPOINT WARNING * * *
You are too injured to fight recklessly!
You are too injured to fight recklessly!
You are too injured to fight recklessly!
There is a stone staircase leading up, spattered with blood here.
The ogre hits you with a giant club!
You die...

..#......#..........#...# ##
###...###..#.#...........#
.####...#..##..#.............##
.........#.##.................##
.###...............#...........#
## #.......##.#....##..#......##
.###.....#....#..)....##..#..##
.........###..#....#####..####
.###............@O.#####..#####
...#..........................#
##..(....###..#....#..........#
###....####..#....#..........#
####.##....#.#########.#####
#.........# #... ##.†......#
......
####......#######....>...#
...................#......#


You could see an ogre.

Vanquished Creatures
  The ghost of Mynnion the Skirmisher, an average MiBe of Trog (D:3)
  2 orc priests
  2 adders
  2 worms (D:2)
  A giant gecko (D:3)
  2 orcs (D:2)
  11 bats
  3 hobgoblins
  4 jackals (D:3)
  3 kobolds
  3 quokkas
  6 giant cockroaches
  2 giant newts (D:2)
  10 goblins
  4 rats
56 creatures vanquished.

Notes
Turn   | Place    | Note
--------------------------------------------------------------
     0 | D:1      | monobi, the Demonspawn Gladiator, began the quest for the Orb.
     0 | D:1      | Reached XP level 1. HP: 16/16 MP: 1/1
   203 | D:1      | Gained mutation: You have sharp toenails. [demonic ancestry]
   203 | D:1      | Reached XP level 2. HP: 19/22 MP: 2/2
   252 | D:1      | Reached skill level 3 in Maces & Flails
   824 | D:2      | Gained mutation: When hurt, damage is shared between your health and your magic reserves. [demonic ancestry]
   824 | D:2      | Reached XP level 3. HP: 9/27 MP: 3/3
  1239 | D:2      | Reached skill level 1 in Stealth
  1410 | D:3      | Reached skill level 1 in Armour
  2126 | D:3      | Gained mutation: You regenerate magic rapidly. [demonic ancestry]
  2126 | D:3      | Reached XP level 4. HP: 32/34 MP: 4/4
  2288 | D:3      | Noticed Mynnion's ghost (average MiBe)
  2640 | D:2      | Reached XP level 5. HP: 36/39 MP: 5/5
  2940 | D:3      | Killed Mynnion's ghost
  3083 | D:3      | Noticed an ogre
  3100 | D:3      | Mangled by an ogre

Action                   |  1- 3 |  4- 6 || total
-------------------------+-------+-------++-------
Melee: Flail             |    30 |       ||    30
       Mace              |    56 |   103 ||   159
  Use: Potion            |     1 |     2 ||     3
       Scroll            |       |     3 ||     3
  Eat: Chunk             |     2 |     1 ||     3
       Bread ration      |     1 |       ||     1
